[ AOE2 MATCH · #472610076 ]
UnrankedWu vs Saracens
[ REPLAY ANALYSIS · EXTRACTED FROM THE RECORDED GAME ]
Feudal
11:52
Castle
19:43
Imperial
30:48
| APM avg | 24.4 |
| APM peak | 69 |
| eAPM avg | 17.0 |
| Villagers / military | 169 / 10 |
Focus
⚔️ 33.9% · 🌾 66.1%
Unknown (1968) ×109 · Unknown (1942) ×26 · Trade Cart ×7 · Monk ×6 · Scorpion ×3 · Mangonel ×1
Feudal
13:11
Castle
15:52
Imperial
30:35
| APM avg | 29.2 |
| APM peak | 58 |
| eAPM avg | 23.3 |
| Villagers / military | 204 / 315 |
Focus
⚔️ 35.4% · 🌾 64.6%
Battle Elephant ×150 · Ballista Elephant ×132 · Trade Cart ×81 · Battering Ram ×28 · Monk ×3 · Scorpion ×2
Feudal
—
Castle
—
Imperial
—
| APM avg | 10.7 |
| APM peak | 52 |
| eAPM avg | 6.8 |
| Villagers / military | 64 / 22 |
Focus
⚔️ 24.2% · 🌾 75.8%
Scout Cavalry ×9 · Trade Cart ×8 · Spearman ×7 · Skirmisher ×4 · Militia ×2
Feudal
11:39
Castle
15:15
Imperial
32:39
| APM avg | 34.6 |
| APM peak | 63 |
| eAPM avg | 23.7 |
| Villagers / military | 203 / 72 |
Focus
⚔️ 36.6% · 🌾 63.4%
Unknown (2582) ×243 · Unknown (2579) ×172 · Trade Cart ×49 · Battering Ram ×35 · Spearman ×23 · Trebuchet (Packed) ×7
Feudal
—
Castle
—
Imperial
—
| APM avg | 852.0 |
| APM peak | 8342 |
| eAPM avg | 850.8 |
| Villagers / military | 0 / 143 |
Focus
⚔️ 70.0% · 🌾 30.0%
Mameluke ×43 · Archer ×36 · Scout Cavalry ×18 · Skirmisher ×17 · Battering Ram ×9 · Mangonel ×7
Feudal
—
Castle
—
Imperial
—
| APM avg | 856.2 |
| APM peak | 8713 |
| eAPM avg | 855.6 |
| Villagers / military | 0 / 166 |
Focus
⚔️ 80.7% · 🌾 19.3%
Spearman ×126 · Archer ×9 · Serjeant ×7 · Scout Cavalry ×7 · Monk ×6 · Battering Ram ×5
Feudal
—
Castle
—
Imperial
—
| APM avg | 764.9 |
| APM peak | 4223 |
| eAPM avg | 764.8 |
| Villagers / military | 0 / 632 |
Focus
⚔️ 71.2% · 🌾 28.8%
Spearman ×182 · Karambit Warrior ×115 · Scout Cavalry ×113 · Militia ×72 · Battle Elephant ×63 · Elite Battle Elephant ×50
Feudal
—
Castle
—
Imperial
—
| APM avg | 590.3 |
| APM peak | 3798 |
| eAPM avg | 590.0 |
| Villagers / military | 0 / 80 |
Focus
⚔️ 78.7% · 🌾 21.3%
Skirmisher ×21 · Knight ×14 · Huskarl ×13 · Scout Cavalry ×13 · Archer ×6 · Monk ×5
Match map
Initial resources + every placement click. Lines = walls · curves = elevation contours. ◆ gold · ⬟ stone · ● berries · ✦ relic · ◌ wall gap
Your base· ✓ Closed at 19:43 · 74t walls · 1 gate(s)
YuhArtyKnow's base· ✓ Closed at 15:52 · 44t walls · 1 gate(s)
PhantonBen's base· ✓ Closed at 41:49 · 41t walls · 2 gate(s)
Holmi's base· ✓ Closed at 15:15 · 4t walls · no gate
's base· Open — unwalled flank
's base· Open — 4t gap
's base· Open — unwalled flank
's base· Open — unwalled flank
Smoothed initial terrain · ◌ = detected wall gap · hover for details
Inputs per minute
— M L F 6 - - YuhArtyKnow
Build order — M L F 6
First 150 of 414 actions detected
| 0:03 | Build | House |
| 0:03 | Create | Villager (Male) |
| 0:03 | Create | Villager (Male) |
| 0:04 | Create | Villager (Male) |
| 0:04 | Create | Villager (Male) |
| 0:04 | Create | Villager (Male) |
| 0:06 | Build | House |
| 0:33 | Research | Loom |
| 0:57 | Create | Villager (Male) |
| 0:58 | Create | Villager (Male) |
| 1:30 | Create | Villager (Male) |
| 2:04 | Create | Villager (Male) |
| 2:05 | Create | Villager (Male) |
| 2:20 | Create | Villager (Male) |
| 2:53 | Build | Palisade Wall |
| 2:54 | Build | Palisade Wall |
| 2:55 | Build | Palisade Wall |
| 3:08 | Build | Lumber Camp |
| 3:17 | Create | Villager (Male) |
| 3:17 | Create | Villager (Male) |
| 3:17 | Create | Villager (Male) |
| 3:23 | Build | Palisade Wall |
| 3:23 | Build | Palisade Wall |
| 3:25 | Build | Palisade Wall |
| 4:44 | Create | Villager (Male) |
| 4:44 | Create | Villager (Male) |
| 4:45 | Create | Villager (Male) |
| 4:45 | Create | Villager (Male) |
| 4:47 | Build | House |
| 6:31 | Create | Villager (Male) |
| 6:31 | Create | Villager (Male) |
| 6:55 | Create | Villager (Male) |
| 7:01 | Build | Palisade Wall |
| 7:02 | Build | Palisade Wall |
| 7:05 | Build | Palisade Wall |
| 7:06 | Build | Palisade Wall |
| 7:07 | Build | Palisade Wall |
| 7:15 | Create | Villager (Male) |
| 7:16 | Create | Villager (Male) |
| 7:16 | Create | Villager (Male) |
| 7:16 | Create | Villager (Male) |
| 7:23 | Build | House |
| 7:43 | Build | Mill |
| 8:43 | Create | Villager (Male) |
| 9:05 | Build | House |
| 9:26 | Build | Palisade Wall |
| 9:28 | Build | Palisade Wall |
| 9:29 | Build | Palisade Wall |
| 9:42 | Research | Feudal Age |
| 9:42 | Research | Feudal Age |
| 11:03 | Build | Mining Camp |
| 11:44 | Build | Mining Camp |
| 11:48 | Create | Villager (Male) |
| 11:48 | Create | Villager (Male) |
| 11:48 | Create | Villager (Male) |
| 11:52 | Age | Feudal Age |
| 11:58 | Build | Stone Wall |
| 12:03 | Build | Stone Wall |
| 12:04 | Build | Stone Wall |
| 12:08 | Build | Stone Wall |
| 12:12 | Create | Villager (Male) |
| 12:17 | Build | Stone Wall |
| 12:18 | Build | Stone Wall |
| 12:23 | Build | Stone Wall |
| 13:00 | Build | House |
| 13:09 | Research | Double-Bit Axe |
| 13:09 | Research | Double-Bit Axe |
| 13:53 | Build | Stone Wall |
| 14:01 | Build | Stone Wall |
| 14:16 | Build | Gate |
| 14:19 | Build | Stone Wall |
| 14:21 | Build | Stone Wall |
| 14:22 | Create | Villager (Male) |
| 14:23 | Create | Villager (Male) |
| 14:38 | Build | Market |
| 15:16 | Create | Villager (Male) |
| 15:16 | Create | Villager (Male) |
| 16:05 | Create | Villager (Male) |
| 16:28 | Build | Blacksmith |
| 16:36 | Create | Villager (Male) |
| 17:03 | Research | Castle Age |
| 17:12 | Research | Stone Mining |
| 17:12 | Research | Stone Mining |
| 17:19 | Research | Horse Collar |
| 17:19 | Research | Horse Collar |
| 19:01 | Build | House |
| 19:43 | Age | Castle Age |
| 19:48 | Build | Castle |
| 19:50 | Create | Villager (Male) |
| 19:50 | Create | Villager (Male) |
| 20:03 | Build | Town Center |
| 20:25 | Build | Siege Workshop |
| 20:27 | Create | Villager (Male) |
| 20:30 | Build | Farm |
| 20:33 | Build | Farm |
| 20:34 | Build | Farm |
| 20:37 | Build | Farm |
| 20:39 | Build | Farm |
| 20:41 | Build | Farm |
| 20:44 | Build | Farm |
| 21:02 | Build | Farm |
| 21:29 | Build | House |
| 21:34 | Create | Scorpion |
| 21:34 | Create | Scorpion |
| 21:35 | Create | Villager (Male) |
| 21:35 | Create | Villager (Male) |
| 21:49 | Create | Villager (Male) |
| 21:49 | Create | Villager (Male) |
| 21:51 | Create | Villager (Male) |
| 22:08 | Build | Monastery |
| 22:25 | Create | Scorpion |
| 22:36 | Create | Monk |
| 22:38 | Create | Villager (Male) |
| 22:38 | Create | Villager (Male) |
| 22:39 | Create | Villager (Male) |
| 22:39 | Create | Villager (Male) |
| 22:42 | Build | Farm |
| 22:45 | Build | Farm |
| 22:48 | Build | Farm |
| 23:19 | Build | Mining Camp |
| 23:32 | Create | Villager (Male) |
| 23:32 | Create | Villager (Male) |
| 23:33 | Create | Villager (Male) |
| 23:39 | Build | Farm |
| 24:29 | Build | Farm |
| 24:30 | Create | Villager (Male) |
| 24:31 | Create | Villager (Male) |
| 24:31 | Create | Villager (Male) |
| 24:43 | Build | Farm |
| 25:12 | Build | University |
| 25:19 | Build | University |
| 25:20 | Create | Villager (Male) |
| 25:24 | Build | Farm |
| 25:26 | Build | Farm |
| 25:30 | Build | Farm |
| 25:34 | Create | Villager (Male) |
| 25:35 | Create | Villager (Male) |
| 25:35 | Create | Villager (Male) |
| 26:00 | Research | Bow Saw |
| 26:11 | Build | Town Center |
| 26:22 | Build | Farm |
| 26:28 | Build | Farm |
| 26:34 | Build | Farm |
| 26:36 | Build | Farm |
| 26:39 | Research | Heavy Plow |
| 26:43 | Build | Farm |
| 26:48 | Create | Villager (Male) |
| 26:49 | Create | Villager (Male) |
| 26:49 | Create | Villager (Male) |
| 26:49 | Create | Villager (Male) |
Build order — YuhArtyKnow
First 150 of 748 actions detected
| 0:00 | Create | Villager (Male) |
| 0:01 | Create | Villager (Male) |
| 0:02 | Build | House |
| 0:04 | Build | House |
| 0:28 | Create | Villager (Male) |
| 0:45 | Create | Villager (Male) |
| 1:26 | Create | Villager (Male) |
| 1:26 | Create | Villager (Male) |
| 1:46 | Build | Lumber Camp |
| 2:12 | Create | Villager (Male) |
| 2:25 | Create | Villager (Male) |
| 2:49 | Create | Villager (Male) |
| 2:59 | Build | House |
| 3:32 | Build | Palisade Wall |
| 3:33 | Create | Villager (Male) |
| 3:33 | Create | Villager (Male) |
| 4:13 | Create | Villager (Male) |
| 4:21 | Create | Villager (Male) |
| 4:47 | Create | Villager (Male) |
| 5:06 | Build | Mill |
| 5:35 | Build | Palisade Wall |
| 5:36 | Create | Villager (Male) |
| 5:46 | Create | Villager (Male) |
| 5:53 | Create | Villager (Male) |
| 6:08 | Build | House |
| 6:12 | Build | House |
| 6:23 | Create | Villager (Male) |
| 6:35 | Create | Villager (Male) |
| 7:10 | Research | Loom |
| 7:41 | Create | Villager (Male) |
| 7:42 | Create | Villager (Male) |
| 7:42 | Create | Villager (Male) |
| 7:52 | Build | Palisade Wall |
| 7:56 | Build | Palisade Gate |
| 8:07 | Create | Villager (Male) |
| 8:14 | Create | Villager (Male) |
| 8:23 | Create | Villager (Male) |
| 8:58 | Create | Villager (Male) |
| 9:02 | Create | Villager (Male) |
| 9:15 | Build | Mining Camp |
| 9:39 | Build | Palisade Wall |
| 10:20 | Build | House |
| 10:25 | Build | House |
| 10:43 | Research | Feudal Age |
| 11:16 | Build | Palisade Wall |
| 11:48 | Build | Farm |
| 11:50 | Build | Farm |
| 11:53 | Build | Farm |
| 11:58 | Build | Farm |
| 12:15 | Build | House |
| 12:17 | Build | House |
| 12:18 | Build | House |
| 13:11 | Age | Feudal Age |
| 13:12 | Research | Castle Age |
| 13:15 | Research | Double-Bit Axe |
| 13:18 | Research | Horse Collar |
| 13:27 | Build | Market |
| 13:31 | Build | Palisade Wall |
| 13:33 | Build | Palisade Wall |
| 13:47 | Build | Palisade Wall |
| 13:49 | Build | Market |
| 14:48 | Research | Wheelbarrow |
| 15:19 | Build | Stone Wall |
| 15:27 | Build | Stone Wall |
| 15:52 | Age | Castle Age |
| 16:04 | Build | Town Center |
| 16:09 | Build | Town Center |
| 16:28 | Create | Villager (Male) |
| 16:29 | Research | Town Watch |
| 16:51 | Research | Bow Saw |
| 17:12 | Build | Town Center |
| 17:29 | Build | Farm |
| 17:40 | Build | Farm |
| 17:43 | Create | Villager (Male) |
| 17:55 | Create | Villager (Male) |
| 17:58 | Create | Villager (Male) |
| 18:06 | Build | Gate |
| 18:09 | Create | Villager (Male) |
| 18:10 | Create | Villager (Male) |
| 18:15 | Create | Villager (Male) |
| 18:17 | Build | Farm |
| 18:19 | Build | Farm |
| 18:22 | Create | Villager (Male) |
| 18:22 | Create | Villager (Male) |
| 18:25 | Build | Farm |
| 18:26 | Create | Villager (Male) |
| 18:47 | Build | Farm |
| 18:47 | Create | Villager (Male) |
| 19:00 | Create | Villager (Male) |
| 19:05 | Build | Farm |
| 19:05 | Build | Farm |
| 19:06 | Build | Farm |
| 19:06 | Build | Farm |
| 19:06 | Build | Farm |
| 19:10 | Build | Farm |
| 19:10 | Build | Farm |
| 19:14 | Create | Villager (Male) |
| 19:14 | Create | Villager (Male) |
| 19:15 | Create | Villager (Male) |
| 19:27 | Create | Villager (Male) |
| 19:28 | Create | Villager (Male) |
| 19:39 | Build | House |
| 19:40 | Build | House |
| 19:40 | Build | House |
| 19:40 | Build | House |
| 19:42 | Create | Villager (Male) |
| 19:43 | Create | Villager (Male) |
| 19:46 | Build | Farm |
| 19:46 | Build | Farm |
| 19:47 | Build | Farm |
| 19:47 | Build | Farm |
| 19:47 | Build | Farm |
| 19:47 | Build | Farm |
| 19:48 | Build | Farm |
| 19:48 | Create | Villager (Male) |
| 19:58 | Create | Villager (Male) |
| 20:07 | Build | Monastery |
| 20:08 | Create | Villager (Male) |
| 20:19 | Build | Farm |
| 20:20 | Build | Farm |
| 20:20 | Create | Villager (Male) |
| 20:21 | Create | Villager (Male) |
| 20:21 | Create | Villager (Male) |
| 20:26 | Create | Villager (Male) |
| 20:31 | Build | Farm |
| 20:32 | Create | Villager (Male) |
| 20:38 | Build | Farm |
| 20:40 | Create | Villager (Male) |
| 20:47 | Create | Villager (Male) |
| 20:47 | Create | Villager (Male) |
| 21:01 | Create | Villager (Male) |
| 21:07 | Create | Monk |
| 21:12 | Create | Villager (Male) |
| 21:12 | Create | Villager (Male) |
| 21:13 | Create | Villager (Male) |
| 21:21 | Build | House |
| 21:21 | Build | House |
| 21:22 | Build | House |
| 21:23 | Build | House |
| 21:24 | Build | House |
| 21:26 | Build | House |
| 21:27 | Build | House |
| 21:28 | Create | Villager (Male) |
| 21:28 | Create | Villager (Male) |
| 21:29 | Create | Villager (Male) |
| 21:33 | Build | Farm |
| 21:34 | Build | Farm |
| 21:34 | Build | Farm |
| 21:35 | Build | Farm |
| 21:35 | Build | Farm |
Build order — PhantonBen
First 150 of 159 actions detected
| 0:08 | Build | House |
| 0:37 | Create | Villager (Male) |
| 0:37 | Create | Villager (Male) |
| 1:24 | Create | Villager (Male) |
| 1:25 | Create | Villager (Male) |
| 2:04 | Build | House |
| 2:18 | Build | Outpost |
| 3:39 | Build | Palisade Wall |
| 3:48 | Create | Villager (Male) |
| 3:48 | Create | Villager (Male) |
| 4:23 | Build | Lumber Camp |
| 5:11 | Build | Palisade Wall |
| 5:56 | Build | Palisade Wall |
| 6:02 | Create | Villager (Male) |
| 6:02 | Create | Villager (Male) |
| 7:59 | Create | Villager (Male) |
| 7:59 | Create | Villager (Male) |
| 8:28 | Build | Palisade Wall |
| 9:31 | Build | Palisade Wall |
| 10:11 | Build | Mill |
| 10:40 | Build | Palisade Gate |
| 10:50 | Create | Villager (Male) |
| 10:50 | Create | Villager (Male) |
| 10:51 | Create | Villager (Male) |
| 11:32 | Build | House |
| 11:40 | Create | Villager (Male) |
| 11:53 | Build | House |
| 12:16 | Build | Palisade Wall |
| 12:52 | Build | Farm |
| 12:57 | Build | Farm |
| 13:49 | Research | Feudal Age |
| 13:50 | Create | Villager (Male) |
| 13:51 | Create | Villager (Male) |
| 14:12 | Build | Palisade Wall |
| 14:14 | Build | Palisade Wall |
| 18:03 | Build | Barracks |
| 18:19 | Research | Double-Bit Axe |
| 18:30 | Research | Wheelbarrow |
| 18:31 | Create | Villager (Male) |
| 18:31 | Create | Villager (Male) |
| 18:45 | Build | Farm |
| 18:59 | Build | Farm |
| 19:24 | Build | Watch Tower |
| 20:04 | Build | Farm |
| 20:10 | Research | Arson |
| 21:15 | Build | Farm |
| 21:43 | Build | Farm |
| 21:55 | Create | Spearman |
| 22:43 | Build | Farm |
| 22:46 | Build | Farm |
| 23:10 | Create | Militia |
| 23:10 | Create | Militia |
| 23:40 | Research | Man-at-Arms (upgrade) |
| 24:13 | Build | Lumber Camp |
| 24:34 | Build | Stable |
| 26:02 | Build | Farm |
| 26:19 | Create | Scout Cavalry |
| 26:19 | Create | Scout Cavalry |
| 28:00 | Create | Scout Cavalry |
| 28:01 | Create | Scout Cavalry |
| 30:44 | Create | Spearman |
| 30:45 | Create | Spearman |
| 31:18 | Create | Villager (Male) |
| 31:19 | Create | Villager (Male) |
| 31:47 | Build | Palisade Wall |
| 32:59 | Build | Stone Wall |
| 33:02 | Build | Stone Wall |
| 33:09 | Build | Stone Wall |
| 33:34 | Create | Villager (Male) |
| 33:34 | Create | Villager (Male) |
| 34:10 | Build | Farm |
| 34:39 | Build | Mining Camp |
| 34:46 | Create | Villager (Male) |
| 34:47 | Create | Villager (Male) |
| 34:53 | Create | Villager (Male) |
| 34:53 | Create | Villager (Male) |
| 35:27 | Build | Palisade Gate |
| 35:41 | Build | Stone Wall |
| 36:11 | Build | House |
| 38:44 | Build | Farm |
| 39:14 | Research | Gold Mining |
| 39:15 | Research | Stone Mining |
| 39:36 | Build | Mining Camp |
| 39:44 | Create | Villager (Male) |
| 39:44 | Create | Villager (Male) |
| 40:05 | Build | Archery Range |
| 40:16 | Build | Market |
| 40:58 | Build | Mining Camp |
| 41:49 | Research | Castle Age |
| 42:26 | Create | Spearman |
| 42:26 | Create | Spearman |
| 42:27 | Create | Spearman |
| 42:27 | Create | Spearman |
| 42:38 | Create | Skirmisher |
| 42:38 | Create | Skirmisher |
| 42:45 | Create | Trade Cart |
| 42:46 | Create | Trade Cart |
| 42:46 | Create | Trade Cart |
| 42:46 | Create | Trade Cart |
| 42:47 | Create | Trade Cart |
| 42:47 | Create | Trade Cart |
| 42:47 | Create | Trade Cart |
| 42:47 | Create | Trade Cart |
| 43:14 | Create | Villager (Male) |
| 43:14 | Create | Villager (Male) |
| 43:14 | Create | Villager (Male) |
| 43:14 | Create | Villager (Male) |
| 43:15 | Create | Villager (Male) |
| 43:29 | Build | Blacksmith |
| 44:26 | Research | Loom |
| 44:28 | Research | Town Watch |
| 44:34 | Research | Long Swordsman (upgrade) |
| 44:35 | Research | Pikeman (upgrade) |
| 44:36 | Research | Gambesons |
| 44:44 | Research | Bow Saw |
| 44:49 | Research | Horse Collar |
| 44:52 | Research | Crossbowman (upgrade) |
| 44:53 | Research | Elite Skirmisher (upgrade) |
| 44:54 | Research | Thumb Ring |
| 45:01 | Research | Caravan |
| 45:02 | Research | Coinage |
| 45:07 | Research | Forging |
| 45:08 | Research | Scale Mail Armor |
| 45:09 | Research | Scale Barding Armor |
| 45:10 | Research | Padded Archer Armor |
| 45:11 | Research | Fletching |
| 47:36 | Build | Town Center |
| 47:52 | Create | Villager (Male) |
| 47:53 | Create | Villager (Male) |
| 47:53 | Create | Villager (Male) |
| 47:53 | Create | Villager (Male) |
| 47:54 | Research | Hand Cart |
| 48:21 | Build | Town Center |
| 48:41 | Research | Stone Shaft Mining |
| 50:48 | Build | Mining Camp |
| 50:56 | Build | House |
| 51:08 | Create | Villager (Male) ×5 |
| 51:08 | Create | Villager (Male) ×5 |
| 51:17 | Create | Villager (Male) ×5 |
| 51:23 | Create | Skirmisher ×2 |
| 51:35 | Build | House |
| 52:14 | Research | Light Cavalry (upgrade) |
| 52:15 | Research | Bloodlines |
| 52:15 | Research | Husbandry |
| 52:18 | Create | Scout Cavalry ×5 |
| 52:29 | Create | Villager (Male) ×5 |
| 54:07 | Create | Villager (Male) |
| 54:07 | Create | Villager (Male) |
| 54:21 | Build | Town Center |
| 54:28 | Build | House |
Build order — Holmi
First 150 of 582 actions detected
| 0:00 | Create | Villager (Male) |
| 0:01 | Create | Villager (Male) |
| 0:02 | Build | House |
| 0:03 | Build | House |
| 0:42 | Create | Villager (Male) |
| 0:42 | Create | Villager (Male) |
| 0:42 | Create | Villager (Male) |
| 1:16 | Create | Villager (Male) |
| 1:38 | Create | Villager (Male) |
| 1:55 | Build | Settlement |
| 2:09 | Create | Villager (Male) |
| 2:51 | Create | Villager (Male) |
| 3:20 | Build | House |
| 3:27 | Create | Villager (Male) |
| 4:00 | Create | Villager (Male) |
| 4:07 | Build | Settlement |
| 4:17 | Create | Villager (Male) |
| 4:17 | Create | Villager (Male) |
| 4:53 | Create | Villager (Male) |
| 4:53 | Create | Villager (Male) |
| 5:06 | Create | Villager (Male) |
| 5:31 | Create | Villager (Male) |
| 5:31 | Create | Villager (Male) |
| 5:47 | Create | Villager (Male) |
| 5:48 | Create | Villager (Male) |
| 5:48 | Create | Villager (Male) |
| 6:05 | Create | Villager (Male) |
| 6:11 | Build | Dock |
| 6:25 | Research | Loom |
| 6:25 | Create | Villager (Male) |
| 6:26 | Create | Villager (Male) |
| 6:26 | Create | Villager (Male) |
| 6:50 | Build | Palisade Wall |
| 6:51 | Build | Palisade Wall |
| 6:53 | Build | Palisade Wall |
| 6:58 | Build | Palisade Wall |
| 7:11 | Build | Palisade Wall |
| 7:22 | Build | House |
| 7:23 | Create | Villager (Male) |
| 7:25 | Create | Villager (Male) |
| 7:25 | Create | Villager (Male) |
| 7:26 | Create | Fishing Ship |
| 7:43 | Build | House |
| 8:22 | Build | Settlement |
| 9:29 | Research | Feudal Age |
| 10:45 | Create | Villager (Male) |
| 10:46 | Create | Villager (Male) |
| 11:04 | Create | Fishing Ship |
| 11:39 | Age | Feudal Age |
| 11:42 | Build | Market |
| 11:48 | Build | Blacksmith |
| 12:35 | Research | Castle Age |
| 12:36 | Research | Castle Age |
| 13:28 | Build | Watch Tower |
| 13:31 | Create | Villager (Male) |
| 13:58 | Build | Watch Tower |
| 15:05 | Research | Double-Bit Axe |
| 15:06 | Research | Horse Collar |
| 15:11 | Research | Horse Collar |
| 15:15 | Age | Castle Age |
| 15:20 | Build | Town Center |
| 15:28 | Create | Villager (Male) |
| 15:37 | Build | House |
| 15:43 | Build | Town Center |
| 16:16 | Research | Bow Saw |
| 16:20 | Create | Villager (Male) |
| 16:20 | Create | Villager (Male) |
| 16:25 | Build | House |
| 16:26 | Build | House |
| 16:38 | Create | Villager (Male) |
| 16:48 | Create | Villager (Male) |
| 16:48 | Create | Villager (Male) |
| 16:52 | Research | Heavy Plow |
| 17:05 | Build | House |
| 17:20 | Create | Villager (Male) |
| 17:21 | Create | Villager (Male) |
| 17:32 | Build | Monastery |
| 17:35 | Create | Villager (Male) |
| 17:35 | Create | Villager (Male) |
| 17:40 | Build | House |
| 18:14 | Build | Settlement |
| 18:23 | Research | Wheelbarrow |
| 18:24 | Create | Villager (Male) |
| 18:25 | Create | Villager (Male) |
| 18:25 | Create | Villager (Male) |
| 18:29 | Build | Farm |
| 18:34 | Build | Farm |
| 18:36 | Build | Farm |
| 18:42 | Build | Farm |
| 18:45 | Build | Farm |
| 18:51 | Build | Farm |
| 18:52 | Build | Farm |
| 18:57 | Build | Farm |
| 18:59 | Create | Monk |
| 19:09 | Create | Villager (Male) |
| 19:09 | Create | Villager (Male) |
| 19:16 | Build | Siege Workshop |
| 19:20 | Create | Villager (Male) |
| 19:26 | Build | Farm |
| 19:34 | Build | Farm |
| 19:48 | Build | Farm |
| 19:49 | Build | Farm |
| 19:52 | Build | Farm |
| 19:58 | Create | Villager (Male) |
| 19:58 | Create | Villager (Male) |
| 19:58 | Create | Villager (Male) |
| 20:01 | Create | Scorpion |
| 20:06 | Build | House |
| 20:19 | Create | Villager (Male) |
| 20:20 | Create | Villager (Male) |
| 20:20 | Create | Villager (Male) |
| 20:24 | Build | Farm |
| 20:25 | Build | Farm |
| 20:29 | Build | Farm |
| 20:29 | Build | Farm |
| 20:47 | Build | Market |
| 20:52 | Create | Villager (Male) |
| 20:52 | Create | Villager (Male) |
| 21:03 | Create | Villager (Male) |
| 21:04 | Create | Villager (Male) |
| 21:16 | Build | Farm |
| 21:17 | Build | Farm |
| 21:18 | Build | Farm |
| 21:21 | Build | Farm |
| 21:22 | Build | Farm |
| 21:23 | Build | Farm |
| 21:26 | Build | Farm |
| 21:28 | Build | Farm |
| 21:32 | Build | Farm |
| 21:34 | Build | Farm |
| 21:35 | Create | Villager (Male) |
| 21:35 | Create | Villager (Male) |
| 21:36 | Create | Villager (Male) |
| 21:36 | Create | Villager (Male) |
| 21:51 | Build | Stone Wall |
| 21:52 | Build | Stone Wall |
| 21:54 | Create | Villager (Male) |
| 21:58 | Create | Scorpion |
| 22:01 | Create | Villager (Male) |
| 22:07 | Build | Farm |
| 22:08 | Build | Farm |
| 22:23 | Build | Town Center |
| 22:35 | Create | Villager (Male) ×5 |
| 23:08 | Create | Villager (Male) ×5 |
| 23:12 | Build | Town Center |
| 23:15 | Create | Fishing Ship |
| 23:30 | Create | Scorpion |
| 23:33 | Create | Villager (Male) ×5 |
| 23:46 | Build | Stone Wall |
| 23:47 | Build | Stone Wall |
Build order —
First 150 of 613 actions detected
| 0:00 | Build | House |
| 0:03 | Build | House |
| 1:43 | Build | Lumber Camp |
| 3:47 | Build | House |
| 4:11 | Build | Mill |
| 5:39 | Build | Lumber Camp |
| 5:52 | Build | House |
| 7:51 | Build | Farm |
| 7:52 | Build | Mining Camp |
| 7:54 | Build | Farm |
| 8:11 | Build | House |
| 8:45 | Build | Farm |
| 9:08 | Build | Farm |
| 9:54 | Build | Farm |
| 9:59 | Research | Tech None |
| 9:59 | Build | House |
| 10:33 | Build | Barracks |
| 12:11 | Build | Archery Range |
| 12:13 | Build | Blacksmith |
| 13:02 | Research | Tech None |
| 13:02 | Build | House |
| 13:35 | Research | Tech None |
| 13:55 | Build | Archery Range |
| 14:06 | Research | Tech None |
| 14:26 | Build | Farm |
| 14:27 | Build | Farm |
| 14:29 | Build | Farm |
| 14:36 | Research | Tech None |
| 14:44 | Build | Farm |
| 14:59 | Build | Farm |
| 15:35 | Create | Archer |
| 15:43 | Research | Tech None |
| 15:44 | Research | Tech None |
| 15:59 | Build | Town Center |
| 16:33 | Build | Farm |
| 16:36 | Build | House |
| 16:47 | Build | Farm |
| 17:04 | Research | Tech None |
| 17:13 | Build | Farm |
| 17:30 | Build | Farm |
| 18:21 | Create | Archer |
| 18:21 | Build | Town Center |
| 18:35 | Create | Archer |
| 18:35 | Build | Town Center |
| 18:38 | Build | Town Center |
| 18:41 | Build | Town Center |
| 18:49 | Build | Farm |
| 19:21 | Research | Tech None |
| 19:22 | Create | Archer |
| 19:22 | Build | House |
| 19:24 | Build | House |
| 19:30 | Build | House |
| 19:34 | Create | Archer |
| 19:34 | Build | House |
| 19:40 | Build | House |
| 19:50 | Build | Farm |
| 19:57 | Build | Farm |
| 20:01 | Create | Archer |
| 20:16 | Build | Farm |
| 20:27 | Build | Farm |
| 20:30 | Build | Farm |
| 20:35 | Create | Archer |
| 20:47 | Build | Farm |
| 20:50 | Build | House |
| 20:53 | Build | House |
| 21:00 | Build | Farm |
| 21:06 | Create | Archer |
| 21:13 | Create | Archer |
| 21:18 | Build | Farm |
| 21:22 | Build | Farm |
| 21:30 | Build | Market |
| 21:48 | Build | Lumber Camp |
| 21:51 | Build | Farm |
| 21:57 | Build | Farm |
| 22:23 | Create | Archer |
| 22:24 | Build | House |
| 22:25 | Build | House |
| 22:27 | Build | Farm |
| 22:30 | Create | Archer |
| 22:42 | Research | Tech None |
| 22:51 | Build | Lumber Camp |
| 22:56 | Build | Farm |
| 22:59 | Build | House |
| 23:49 | Build | Monastery |
| 24:13 | Build | Siege Workshop |
| 24:34 | Create | Monk |
| 24:38 | Build | Siege Workshop |
| 24:43 | Build | Farm |
| 25:10 | Build | Farm |
| 25:16 | Research | Tech None |
| 25:21 | Build | Farm |
| 25:27 | Build | House |
| 25:28 | Build | House |
| 25:46 | Build | Stable |
| 25:58 | Build | Farm |
| 25:59 | Build | Farm |
| 26:04 | Build | Farm |
| 26:08 | Build | Farm |
| 26:15 | Build | Castle |
| 26:17 | Build | Mining Camp |
| 26:28 | Build | Farm |
| 26:29 | Build | Farm |
| 26:30 | Create | Battering Ram |
| 26:30 | Build | Mill |
| 26:33 | Build | Farm |
| 26:42 | Research | Tech None |
| 26:46 | Build | Farm |
| 26:48 | Build | Farm |
| 26:54 | Build | House |
| 27:00 | Build | House |
| 27:02 | Build | Farm |
| 27:05 | Build | Farm |
| 27:17 | Build | Farm |
| 27:41 | Research | Tech None |
| 27:41 | Create | Battering Ram |
| 27:41 | Create | Mangonel |
| 27:41 | Build | Town Center |
| 27:50 | Research | Tech None |
| 27:50 | Create | Mameluke |
| 28:07 | Build | Town Center |
| 28:14 | Build | Lumber Camp |
| 28:16 | Build | Farm |
| 28:22 | Create | Battering Ram |
| 28:22 | Build | Town Center |
| 28:35 | Create | Battering Ram |
| 28:35 | Build | Town Center |
| 28:53 | Build | Town Center |
| 28:55 | Build | Farm |
| 29:00 | Build | Farm |
| 29:08 | Build | Mining Camp |
| 29:10 | Build | Farm |
| 29:14 | Build | Farm |
| 29:21 | Build | Farm |
| 29:27 | Build | Farm |
| 29:36 | Build | Farm |
| 29:40 | Build | Farm |
| 29:45 | Build | Farm |
| 29:47 | Create | Scout Cavalry |
| 29:51 | Build | Farm |
| 29:57 | Build | Farm |
| 30:00 | Build | Farm |
| 30:05 | Build | Farm |
| 30:08 | Build | Farm |
| 30:16 | Build | Farm |
| 30:17 | Build | Farm |
| 30:19 | Create | Scout Cavalry |
| 30:21 | Research | Tech None |
| 30:29 | Build | Mining Camp |
| 30:40 | Build | Mill |
| 30:42 | Build | Market |
Build order —
First 150 of 463 actions detected
| 0:00 | Build | House |
| 0:03 | Build | House |
| 1:47 | Build | Lumber Camp |
| 3:50 | Build | House |
| 4:15 | Build | Mill |
| 5:56 | Build | House |
| 6:27 | Build | Lumber Camp |
| 6:45 | Research | Tech None |
| 7:25 | Build | Mining Camp |
| 7:36 | Research | Tech None |
| 8:00 | Build | House |
| 8:53 | Build | Barracks |
| 10:10 | Build | Archery Range |
| 10:12 | Research | Tech None |
| 10:17 | Research | Tech None |
| 10:38 | Build | Farm |
| 10:48 | Build | Farm |
| 10:57 | Create | Archer |
| 11:26 | Build | House |
| 11:50 | Build | Farm |
| 12:02 | Build | Archery Range |
| 12:08 | Build | House |
| 12:15 | Build | House |
| 12:43 | Create | Archer |
| 12:56 | Build | Blacksmith |
| 13:00 | Build | Farm |
| 13:04 | Create | Archer |
| 13:21 | Create | Skirmisher |
| 13:43 | Research | Tech None |
| 14:03 | Build | Farm |
| 14:07 | Build | House |
| 14:10 | Build | House |
| 14:18 | Build | House |
| 14:28 | Build | Farm |
| 14:41 | Build | Farm |
| 14:44 | Create | Archer |
| 15:01 | Build | Farm |
| 15:17 | Build | Farm |
| 15:40 | Build | Farm |
| 15:52 | Create | Archer |
| 15:54 | Build | House |
| 16:00 | Build | House |
| 16:02 | Research | Tech None |
| 16:11 | Build | Farm |
| 16:26 | Research | Tech None |
| 16:33 | Build | Farm |
| 16:47 | Build | Farm |
| 17:04 | Create | Archer |
| 17:05 | Create | Archer |
| 17:30 | Build | Farm |
| 17:40 | Build | Lumber Camp |
| 17:43 | Build | Farm |
| 18:14 | Build | Archery Range |
| 18:41 | Build | Lumber Camp |
| 18:51 | Build | Farm |
| 19:11 | Build | Farm |
| 19:21 | Research | Tech None |
| 20:07 | Research | Tech None |
| 20:27 | Build | Archery Range |
| 20:40 | Create | Archer |
| 20:40 | Build | Archery Range |
| 20:56 | Create | Archer |
| 21:00 | Create | Skirmisher |
| 21:23 | Create | Skirmisher |
| 21:43 | Create | Skirmisher |
| 21:58 | Build | House |
| 21:59 | Build | House |
| 22:03 | Research | Tech None |
| 22:16 | Research | Tech None |
| 22:45 | Research | Tech None |
| 22:49 | Build | Town Center |
| 23:40 | Build | Town Center |
| 23:41 | Research | Tech None |
| 23:41 | Build | House |
| 23:43 | Build | House |
| 24:14 | Build | Monastery |
| 24:52 | Build | Market |
| 24:59 | Build | Farm |
| 25:19 | Build | Farm |
| 25:33 | Build | University |
| 25:58 | Build | Lumber Camp |
| 26:08 | Build | Farm |
| 26:09 | Research | Tech None |
| 26:13 | Build | Farm |
| 26:23 | Build | Farm |
| 26:24 | Build | Castle |
| 26:26 | Build | Farm |
| 26:48 | Build | Farm |
| 26:50 | Build | Farm |
| 26:54 | Build | Farm |
| 26:58 | Build | Farm |
| 27:09 | Build | Farm |
| 27:12 | Create | Monk |
| 27:17 | Build | Farm |
| 27:21 | Build | Farm |
| 27:32 | Build | Farm |
| 28:03 | Build | Farm |
| 28:09 | Research | Tech None |
| 28:14 | Build | Mining Camp |
| 28:22 | Build | Farm |
| 28:27 | Build | Farm |
| 28:39 | Research | Tech None |
| 28:39 | Build | Farm |
| 28:41 | Build | Farm |
| 28:44 | Build | Farm |
| 28:51 | Build | Farm |
| 28:58 | Build | Farm |
| 29:04 | Create | Serjeant |
| 29:06 | Build | Farm |
| 29:23 | Build | Mill |
| 29:27 | Build | Farm |
| 29:31 | Create | Serjeant |
| 29:31 | Build | Farm |
| 29:38 | Build | Farm |
| 29:47 | Create | Serjeant |
| 29:47 | Create | Spearman |
| 29:53 | Build | Stable |
| 30:08 | Build | Farm |
| 30:12 | Create | Serjeant |
| 30:17 | Research | Tech None |
| 30:17 | Build | Lumber Camp |
| 30:25 | Research | Tech None |
| 30:27 | Build | Mill |
| 30:31 | Build | Farm |
| 30:33 | Build | Farm |
| 30:46 | Create | Serjeant |
| 30:48 | Build | Farm |
| 30:59 | Build | House |
| 31:01 | Build | Farm |
| 31:01 | Build | House |
| 31:12 | Build | Farm |
| 31:18 | Build | Farm |
| 31:24 | Build | Farm |
| 31:30 | Build | House |
| 31:38 | Build | Farm |
| 31:40 | Build | House |
| 31:45 | Build | Farm |
| 31:47 | Build | Farm |
| 32:05 | Build | Farm |
| 32:13 | Research | Tech None |
| 32:22 | Build | Barracks |
| 32:25 | Build | Barracks |
| 32:31 | Research | Tech None |
| 32:34 | Research | Tech None |
| 32:46 | Build | Barracks |
| 32:50 | Build | Barracks |
| 33:09 | Research | Tech None |
| 33:19 | Build | Farm |
| 33:24 | Research | Tech None |
| 33:24 | Build | Donjon |
Build order —
First 150 of 1106 actions detected
| 0:00 | Build | House |
| 0:03 | Build | House |
| 1:43 | Build | Lumber Camp |
| 3:46 | Build | House |
| 4:11 | Build | Mill |
| 5:47 | Build | Lumber Camp |
| 5:52 | Build | House |
| 6:42 | Build | Farm |
| 7:48 | Build | Mining Camp |
| 7:56 | Build | House |
| 8:12 | Build | Farm |
| 8:43 | Build | Farm |
| 9:13 | Build | Farm |
| 9:59 | Research | Tech None |
| 9:59 | Build | House |
| 10:15 | Build | Barracks |
| 11:19 | Build | Stable |
| 12:00 | Build | Blacksmith |
| 12:10 | Build | House |
| 13:07 | Research | Tech None |
| 13:24 | Build | Farm |
| 13:40 | Research | Tech None |
| 13:54 | Build | Farm |
| 14:07 | Research | Tech None |
| 14:10 | Build | Farm |
| 14:19 | Build | Farm |
| 14:28 | Build | Farm |
| 14:30 | Build | Farm |
| 14:31 | Build | Farm |
| 14:32 | Build | Farm |
| 14:44 | Research | Tech None |
| 15:09 | Research | Tech None |
| 15:27 | Create | Knight |
| 15:28 | Build | Town Center |
| 15:31 | Build | House |
| 15:40 | Build | Farm |
| 15:53 | Build | Farm |
| 16:06 | Build | Farm |
| 16:23 | Create | Battle Elephant |
| 17:03 | Build | Town Center |
| 17:29 | Build | House |
| 17:32 | Research | Tech None |
| 17:34 | Build | House |
| 17:44 | Build | Farm |
| 17:52 | Build | Farm |
| 18:04 | Build | Farm |
| 18:49 | Research | Tech None |
| 18:50 | Build | Farm |
| 19:07 | Build | Stable |
| 19:18 | Build | Farm |
| 19:27 | Build | Farm |
| 19:41 | Build | Farm |
| 19:47 | Build | Farm |
| 20:05 | Build | Farm |
| 20:09 | Build | Farm |
| 20:17 | Build | House |
| 20:18 | Build | House |
| 20:35 | Build | Farm |
| 20:45 | Build | Farm |
| 20:57 | Build | Farm |
| 21:04 | Build | Farm |
| 21:14 | Build | Farm |
| 21:27 | Build | Farm |
| 21:31 | Build | Farm |
| 21:35 | Research | Tech None |
| 21:42 | Build | House |
| 21:52 | Build | House |
| 21:59 | Build | Farm |
| 22:05 | Build | Farm |
| 22:07 | Create | Battle Elephant |
| 22:22 | Build | House |
| 22:25 | Build | Farm |
| 22:30 | Build | Farm |
| 22:32 | Create | Battle Elephant |
| 22:57 | Create | Battle Elephant |
| 23:00 | Research | Tech None |
| 23:00 | Build | Farm |
| 23:05 | Build | House |
| 23:09 | Research | Tech None |
| 23:10 | Build | Farm |
| 23:20 | Build | House |
| 23:24 | Build | Farm |
| 23:32 | Build | Lumber Camp |
| 23:41 | Build | House |
| 23:47 | Research | Tech None |
| 23:47 | Build | Farm |
| 23:56 | Build | Lumber Camp |
| 24:13 | Build | Farm |
| 24:27 | Research | Tech None |
| 24:30 | Build | Mill |
| 24:31 | Build | Farm |
| 24:37 | Build | Monastery |
| 24:43 | Create | Battle Elephant |
| 24:49 | Research | Tech None |
| 25:02 | Build | Siege Workshop |
| 25:16 | Create | Battle Elephant |
| 25:20 | Build | Farm |
| 25:28 | Build | Farm |
| 25:29 | Build | Mill |
| 25:30 | Build | Farm |
| 25:32 | Build | Farm |
| 25:33 | Create | Monk |
| 25:33 | Build | Farm |
| 25:36 | Build | House |
| 25:38 | Build | House |
| 25:40 | Create | Battle Elephant |
| 25:40 | Build | Farm |
| 25:43 | Build | Farm |
| 25:47 | Build | Farm |
| 25:57 | Research | Tech None |
| 26:02 | Build | Mining Camp |
| 26:05 | Create | Battle Elephant |
| 26:10 | Build | Farm |
| 26:13 | Build | House |
| 26:17 | Build | Farm |
| 26:20 | Build | House |
| 26:30 | Create | Battle Elephant |
| 26:47 | Build | Town Center |
| 26:54 | Build | Farm |
| 27:00 | Build | Lumber Camp |
| 27:07 | Build | Farm |
| 27:08 | Research | Tech None |
| 27:17 | Research | Tech None |
| 27:22 | Build | Market |
| 27:26 | Build | House |
| 27:28 | Build | House |
| 27:37 | Build | Mining Camp |
| 27:41 | Research | Tech None |
| 27:50 | Create | Battle Elephant |
| 27:52 | Create | Battle Elephant |
| 27:54 | Build | Archery Range |
| 28:09 | Build | Lumber Camp |
| 28:11 | Build | Farm |
| 28:26 | Build | Farm |
| 28:29 | Build | Farm |
| 28:39 | Research | Tech None |
| 28:49 | Build | Barracks |
| 28:55 | Build | Farm |
| 29:04 | Build | Farm |
| 29:08 | Build | House |
| 29:12 | Build | House |
| 29:17 | Build | House |
| 29:29 | Build | Market |
| 29:36 | Build | House |
| 29:47 | Build | House |
| 29:52 | Build | Castle |
| 29:57 | Build | University |
| 30:08 | Build | Barracks |
| 30:15 | Create | Battering Ram |
| 30:44 | Build | Stable |
Build order —
First 150 of 303 actions detected
| 0:00 | Build | House |
| 0:03 | Build | House |
| 1:42 | Build | Lumber Camp |
| 3:46 | Build | House |
| 5:51 | Build | House |
| 6:14 | Build | Mill |
| 6:22 | Build | Lumber Camp |
| 6:41 | Research | Tech None |
| 7:30 | Research | Tech None |
| 7:33 | Build | House |
| 8:09 | Build | Mining Camp |
| 9:24 | Build | Barracks |
| 9:43 | Research | Tech None |
| 9:55 | Research | Tech None |
| 10:37 | Build | Archery Range |
| 10:46 | Build | Farm |
| 10:57 | Build | Farm |
| 11:07 | Build | House |
| 11:18 | Create | Archer |
| 11:29 | Build | Farm |
| 11:44 | Build | Farm |
| 12:07 | Build | Farm |
| 12:18 | Build | Farm |
| 12:29 | Build | House |
| 12:45 | Build | Farm |
| 12:54 | Build | Farm |
| 13:16 | Build | Farm |
| 13:30 | Build | Farm |
| 13:39 | Build | House |
| 14:17 | Build | Farm |
| 14:42 | Research | Tech None |
| 14:42 | Build | Farm |
| 14:49 | Build | House |
| 15:10 | Build | Archery Range |
| 15:12 | Build | House |
| 15:43 | Build | Blacksmith |
| 15:55 | Research | Tech None |
| 16:09 | Create | Archer |
| 16:29 | Research | Tech None |
| 16:30 | Build | Lumber Camp |
| 17:03 | Build | Lumber Camp |
| 17:23 | Build | House |
| 17:24 | Build | House |
| 17:40 | Build | Mill |
| 18:04 | Build | Farm |
| 18:28 | Build | Market |
| 18:35 | Create | Archer |
| 18:49 | Create | Archer |
| 19:00 | Build | Farm |
| 19:11 | Create | Archer |
| 19:31 | Research | Tech None |
| 19:36 | Build | Archery Range |
| 20:10 | Research | Tech None |
| 20:36 | Create | Archer |
| 20:49 | Build | Archery Range |
| 21:04 | Build | Stable |
| 22:12 | Research | Tech None |
| 22:13 | Research | Tech None |
| 22:13 | Create | Knight |
| 22:13 | Build | Town Center |
| 22:43 | Create | Knight |
| 22:48 | Build | Town Center |
| 22:50 | Build | Farm |
| 23:02 | Build | Farm |
| 23:14 | Create | Knight |
| 23:18 | Build | Farm |
| 23:27 | Build | Farm |
| 23:33 | Build | Farm |
| 23:46 | Create | Knight |
| 23:53 | Build | Farm |
| 24:07 | Build | Farm |
| 24:21 | Build | Farm |
| 24:36 | Build | Farm |
| 24:40 | Build | Farm |
| 24:52 | Build | Farm |
| 25:00 | Build | Farm |
| 25:08 | Build | Farm |
| 25:09 | Create | Knight |
| 25:26 | Build | Farm |
| 25:34 | Build | Farm |
| 25:48 | Build | Farm |
| 25:59 | Build | Farm |
| 26:01 | Build | House |
| 26:05 | Build | House |
| 26:15 | Build | Farm |
| 26:20 | Create | Knight |
| 26:24 | Build | Farm |
| 26:30 | Build | House |
| 26:36 | Build | Farm |
| 26:47 | Build | Farm |
| 27:17 | Research | Tech None |
| 27:19 | Build | Farm |
| 27:21 | Build | House |
| 27:23 | Build | House |
| 27:30 | Build | Lumber Camp |
| 27:32 | Build | Farm |
| 27:34 | Create | Knight |
| 27:44 | Build | Farm |
| 27:48 | Build | Farm |
| 27:59 | Build | Farm |
| 28:03 | Build | Farm |
| 28:09 | Build | Farm |
| 28:21 | Build | Farm |
| 28:32 | Build | Farm |
| 28:44 | Build | Farm |
| 28:49 | Build | Farm |
| 28:56 | Build | Monastery |
| 28:56 | Build | Monastery |
| 29:04 | Build | Farm |
| 29:06 | Build | House |
| 29:10 | Build | House |
| 29:23 | Build | Farm |
| 29:25 | Build | Mill |
| 29:31 | Build | Mining Camp |
| 29:38 | Build | Farm |
| 29:45 | Create | Monk |
| 29:45 | Build | Farm |
| 29:53 | Build | Farm |
| 30:03 | Build | Stable |
| 30:08 | Research | Tech None |
| 30:12 | Build | Farm |
| 30:19 | Build | House |
| 30:21 | Build | House |
| 30:25 | Build | Farm |
| 30:42 | Build | Siege Workshop |
| 30:48 | Build | Farm |
| 30:50 | Build | House |
| 30:59 | Research | Tech None |
| 31:01 | Build | Farm |
| 31:12 | Build | Stable |
| 31:16 | Build | Farm |
| 31:17 | Build | House |
| 31:19 | Research | Tech None |
| 31:36 | Create | Battering Ram |
| 31:36 | Build | Lumber Camp |
| 31:40 | Build | Farm |
| 31:44 | Build | Farm |
| 31:49 | Build | Lumber Camp |
| 31:55 | Build | Lumber Camp |
| 31:57 | Build | Farm |
| 32:03 | Build | Farm |
| 32:07 | Build | Farm |
| 32:09 | Build | House |
| 32:12 | Build | House |
| 32:14 | Create | Scout Cavalry |
| 32:27 | Build | Farm |
| 32:29 | Build | Farm |
| 32:32 | Create | Scout Cavalry |
| 32:34 | Build | Farm |
| 32:36 | Build | Farm |
Match timeline
| 2:53 | M L F 6 · wall_segment Palisade Wall x1 |
| 2:54 | M L F 6 · wall_segment Palisade Wall x1 |
| 2:55 | M L F 6 · wall_segment Palisade Wall x1 |
| 3:23 | M L F 6 · wall_segment Palisade Wall x1 |
| 3:23 | M L F 6 · wall_segment Palisade Wall x1 |
| 3:25 | M L F 6 · wall_segment Palisade Wall x5 |
| 3:32 | YuhArtyKnow · wall_segment Palisade Wall x7 |
| 3:39 | PhantonBen · wall_segment Palisade Wall x4 |
| 5:11 | PhantonBen · wall_segment Palisade Wall x4 |
| 5:35 | YuhArtyKnow · wall_segment Palisade Wall x6 |
| 5:56 | PhantonBen · wall_segment Palisade Wall x4 |
| 6:11 | Holmi · first_building Dock |
| 6:50 | Holmi · wall_segment Palisade Wall x1 |
| 6:51 | Holmi · wall_segment Palisade Wall x1 |
| 6:53 | Holmi · wall_segment Palisade Wall x1 |
| 6:58 | Holmi · wall_segment Palisade Wall x1 |
| 7:01 | M L F 6 · wall_segment Palisade Wall x1 |
| 7:02 | M L F 6 · wall_segment Palisade Wall x1 |
| 7:05 | M L F 6 · wall_segment Palisade Wall x3 |
| 7:06 | M L F 6 · wall_segment Palisade Wall x3 |
| 7:07 | M L F 6 · wall_segment Palisade Wall x1 |
| 7:11 | Holmi · wall_segment Palisade Wall x1 |
| 7:52 | YuhArtyKnow · wall_segment Palisade Wall x2 |
| 8:28 | PhantonBen · wall_segment Palisade Wall x10 |
| 8:53 | · first_building Barracks |
| 9:24 | · first_building Barracks |
| 9:26 | M L F 6 · wall_segment Palisade Wall x8 |
| 9:28 | M L F 6 · wall_segment Palisade Wall x9 |
| 9:29 | M L F 6 · wall_segment Palisade Wall x7 |
| 9:31 | PhantonBen · wall_segment Palisade Wall x1 |
| 9:39 | YuhArtyKnow · wall_segment Palisade Wall x7 |
| 10:10 | · first_building Archery Range |
| 10:15 | · first_building Barracks |
| 10:33 | · first_building Barracks |
| 10:37 | · first_building Archery Range |
| 11:16 | YuhArtyKnow · wall_segment Palisade Wall x1 |
| 11:19 | · first_building Stable |
| 11:39 | Holmi · age_up feudal |
| 11:52 | M L F 6 · age_up feudal |
| 11:58 | M L F 6 · wall_segment Stone Wall x5 |
| 12:03 | M L F 6 · wall_segment Stone Wall x4 |
| 12:04 | M L F 6 · wall_segment Stone Wall x4 |
| 12:08 | M L F 6 · wall_segment Stone Wall x8 |
| 12:11 | · first_building Archery Range |
| 12:16 | PhantonBen · wall_segment Palisade Wall x6 |
| 12:17 | M L F 6 · wall_segment Stone Wall x1 |
| 12:18 | M L F 6 · wall_segment Stone Wall x1 |
| 12:23 | M L F 6 · wall_segment Stone Wall x5 |
| 13:11 | YuhArtyKnow · age_up feudal |
| 13:31 | YuhArtyKnow · wall_segment Palisade Wall x1 |
| 13:33 | YuhArtyKnow · wall_segment Palisade Wall x1 |
| 13:47 | YuhArtyKnow · wall_segment Palisade Wall x3 |
| 13:53 | M L F 6 · wall_segment Stone Wall x2 |
| 14:01 | M L F 6 · wall_segment Stone Wall x2 |
| 14:12 | PhantonBen · wall_segment Palisade Wall x1 |
| 14:14 | PhantonBen · wall_segment Palisade Wall x1 |
| 14:19 | M L F 6 · wall_segment Stone Wall x2 |
| 14:21 | M L F 6 · wall_segment Stone Wall x1 |
| 15:15 | Holmi · age_up castle |
| 15:16 | Holmi · first_market_buy 100 stone |
| 15:19 | YuhArtyKnow · wall_segment Stone Wall x10 |
| 15:27 | YuhArtyKnow · wall_segment Stone Wall x9 |
| 15:52 | YuhArtyKnow · age_up castle |
| 16:54 | YuhArtyKnow · first_market_buy 100 wood |
| 16:58 | YuhArtyKnow · first_market_sell 100 food |
| 17:32 | Holmi · first_building Monastery |
| 18:03 | PhantonBen · first_building Barracks |
| 19:16 | Holmi · first_building Siege Workshop |
| 19:43 | M L F 6 · age_up castle |
| 19:48 | M L F 6 · first_building Castle |
| 20:07 | YuhArtyKnow · first_building Monastery |
| 20:25 | M L F 6 · first_building Siege Workshop |
| 20:54 | · first_market_buy 100 stone |
| 21:04 | · first_building Stable |
| 21:51 | Holmi · wall_segment Stone Wall x1 |
| 21:52 | Holmi · wall_segment Stone Wall x1 |
| 22:08 | M L F 6 · first_building Monastery |
| 23:46 | Holmi · wall_segment Stone Wall x1 |
| 23:47 | Holmi · wall_segment Stone Wall x1 |
| 23:49 | · first_building Monastery |
| 23:57 | YuhArtyKnow · first_building Siege Workshop |
| 24:05 | Holmi · wall_segment Stone Wall x6 |
| 24:13 | · first_building Siege Workshop |
| 24:14 | · first_building Monastery |
| 24:26 | Holmi · wall_segment Stone Wall x5 |
| 24:34 | PhantonBen · first_building Stable |
| 24:37 | · first_building Monastery |
| 25:02 | · first_building Siege Workshop |
| 25:46 | · first_building Stable |
| 25:47 | Holmi · wall_segment Stone Wall x6 |
| 25:55 | YuhArtyKnow · first_building Castle |
| 26:15 | · first_building Castle |
| 26:24 | · first_building Castle |
| 27:12 | Holmi · wall_segment Stone Wall x2 |
| 27:13 | Holmi · wall_segment Stone Wall x1 |
| 27:15 | M L F 6 · first_market_buy 100 food |
| 27:22 | M L F 6 · first_market_sell 100 wood |
| 27:29 | YuhArtyKnow · first_building Stable |
| 27:52 | Holmi · wall_segment Stone Wall x1 |
| 27:53 | Holmi · wall_segment Stone Wall x1 |
| 27:54 | · first_building Archery Range |
| 28:36 | Holmi · first_building Castle |
| 28:51 | Holmi · first_market_sell 100 wood |
| 28:56 | · first_building Monastery |
| 29:00 | · first_market_buy 100 stone |
| 29:08 | · first_market_sell 100 wood |
| 29:37 | M L F 6 · wall_segment Stone Wall x1 |
| 29:39 | M L F 6 · wall_segment Stone Wall x1 |
| 29:52 | · first_building Castle |
| 29:53 | · first_building Stable |
| 30:05 | Holmi · first_building Barracks |
| 30:13 | M L F 6 · wall_segment Stone Wall x1 |
| 30:35 | YuhArtyKnow · age_up imperial |
| 30:42 | · first_market_sell 100 food |
| 30:42 | · first_building Siege Workshop |
| 30:48 | M L F 6 · age_up imperial |
| 31:00 | Holmi · first_building Archery Range |
| 31:13 | M L F 6 · wall_segment Stone Wall x9 |
| 31:18 | · first_market_sell 100 wood |
| 31:18 | M L F 6 · wall_segment Stone Wall x3 |
| 31:19 | M L F 6 · wall_segment Stone Wall x5 |
| 31:47 | PhantonBen · wall_segment Palisade Wall x1 |
| 32:07 | M L F 6 · wall_segment Stone Wall x1 |
| 32:23 | M L F 6 · wall_segment Stone Wall x1 |
| 32:39 | Holmi · age_up imperial |
| 32:59 | PhantonBen · wall_segment Stone Wall x4 |
| 33:00 | M L F 6 · wall_segment Stone Wall x1 |
| 33:02 | PhantonBen · wall_segment Stone Wall x3 |
| 33:09 | PhantonBen · wall_segment Stone Wall x4 |
| 33:24 | · first_building Donjon |
| 33:57 | M L F 6 · wall_segment Stone Wall x1 |
| 33:59 | M L F 6 · wall_segment Stone Wall x1 |
| 34:28 | M L F 6 · wall_segment Stone Wall x1 |
| 34:33 | M L F 6 · wall_segment Stone Wall x1 |
| 34:48 | M L F 6 · wall_segment Stone Wall x8 |
| 35:24 | M L F 6 · wall_segment Stone Wall x1 |
| 35:41 | · first_building Castle |
| 35:41 | PhantonBen · wall_segment Stone Wall x1 |
| 36:49 | · first_building Siege Workshop |
| 37:03 | M L F 6 · first_building Barracks |
| 38:15 | M L F 6 · first_building Archery Range |
| 39:04 | · first_market_sell 100 food |
| 40:05 | PhantonBen · first_building Archery Range |
| 40:23 | Holmi · tribute_sent a jugador 1 |
| 40:23 | Holmi · tribute_sent a jugador 2 |
| 40:23 | Holmi · tribute_sent a jugador 3 |
| 40:23 | Holmi · tribute_sent a jugador 5 |
| 40:23 | Holmi · tribute_sent a jugador 6 |
| 40:23 | Holmi · tribute_sent a jugador 7 |
| 40:23 | Holmi · tribute_sent a jugador 8 |
| 42:18 | Holmi · tribute_sent a jugador 1 |
| 42:18 | Holmi · tribute_sent a jugador 2 |
| 42:18 | Holmi · tribute_sent a jugador 3 |
| 42:18 | Holmi · tribute_sent a jugador 5 |
| 42:18 | Holmi · tribute_sent a jugador 6 |
| 42:18 | Holmi · tribute_sent a jugador 7 |
| 42:18 | Holmi · tribute_sent a jugador 8 |
| 43:25 | M L F 6 · wall_segment Palisade Wall x1 |
| 43:26 | M L F 6 · wall_segment Palisade Wall x1 |
| 43:29 | M L F 6 · wall_segment Palisade Wall x1 |
| 43:30 | M L F 6 · wall_segment Palisade Wall x1 |
| 43:52 | Holmi · tribute_sent a jugador 1 |
| 43:52 | Holmi · tribute_sent a jugador 2 |
| 43:52 | Holmi · tribute_sent a jugador 3 |
| 43:52 | Holmi · tribute_sent a jugador 5 |
| 43:52 | Holmi · tribute_sent a jugador 6 |
| 43:52 | Holmi · tribute_sent a jugador 7 |
| 43:52 | Holmi · tribute_sent a jugador 8 |
| 44:34 | YuhArtyKnow · tribute_sent a jugador 2 |
| 44:34 | YuhArtyKnow · tribute_sent a jugador 3 |
| 44:34 | YuhArtyKnow · tribute_sent a jugador 4 |
| 44:34 | YuhArtyKnow · tribute_sent a jugador 5 |
| 44:34 | YuhArtyKnow · tribute_sent a jugador 6 |
| 44:34 | YuhArtyKnow · tribute_sent a jugador 7 |
| 44:34 | YuhArtyKnow · tribute_sent a jugador 8 |
| 47:22 | PhantonBen · first_market_buy 100 stone |
| 47:44 | Holmi · tribute_sent a jugador 1 |
| 47:44 | Holmi · tribute_sent a jugador 2 |
| 47:44 | Holmi · tribute_sent a jugador 3 |
| 47:44 | Holmi · tribute_sent a jugador 5 |
| 47:44 | Holmi · tribute_sent a jugador 6 |
| 47:44 | Holmi · tribute_sent a jugador 7 |
| 47:44 | Holmi · tribute_sent a jugador 8 |
| 52:03 | Holmi · tribute_sent a jugador 1 |
| 52:03 | Holmi · tribute_sent a jugador 2 |
| 52:03 | Holmi · tribute_sent a jugador 3 |
| 52:03 | Holmi · tribute_sent a jugador 5 |
| 52:03 | Holmi · tribute_sent a jugador 6 |
| 52:03 | Holmi · tribute_sent a jugador 7 |
| 52:03 | Holmi · tribute_sent a jugador 8 |
| 54:00 | M L F 6 · wall_segment Palisade Wall x1 |
| 54:01 | M L F 6 · wall_segment Palisade Wall x1 |
| 54:03 | M L F 6 · wall_segment Palisade Wall x2 |
| 55:47 | · resign |
[ AI ANALYSIS · 1 CREDIT ]
What really happened in this match?
Wolo.gg analyzes every decision: build order, eco, micro, common mistakes by bracket. Personalized analysis on WhatsApp or Discord in 30 seconds.
Civ guide
Wu
Perfil
Jugador #353713